 Dungeon Crawl Stone Soup version 0.20-a0-731-gecde0bf (webtiles) character file.

152 graki42 the Conjurer (level 5, -11/28 HPs)
             Began as a Deep Elf Conjurer on Feb 22, 2017.
             Killed from afar by Ijustatesigmund's ghost (12 damage)
             ... with a spray of energy
             ... on level 3 of the Dungeon.
             The game lasted 00:06:31 (1298 turns).

graki42 the Conjurer (Deep Elf Conjurer)            Turns: 1298, Time: 00:06:32

Health: -11/28     AC:  4    Str:  6    XL:     5   Next: 11%
Magic:  14/23      EV: 13    Int: 20    God:
Gold:   176        SH:  0    Dex: 15    Spells: 7/13 levels left

rFire    . . .     SeeInvis +   (no weapon)
rCold    . . .     Gourm    .   a - +0 robe
rNeg     . . .     Faith    .   (no shield)
rPois    .         Spirit   .   (no helmet)
rElec    .         Reflect  .   i - +0 cloak
rCorr    .         Harm     .   d - +0 pair of gloves
MR       .....                  (no boots)
Stlth    ++........             (no amulet)
Regen    0.1/turn               t - ring of see invisible
MPRegen  0.2/turn               p - ring of magical power

@: no status effects
A: no striking features
a: no special abilities


You were on level 3 of the Dungeon.
You were not hungry.

You visited 1 branch of the dungeon, and saw 3 of its levels.

You collected 176 gold pieces.

Inventory:

Missiles
 v - 2 throwing nets (quivered)
Armour
 a - a +0 robe (worn)
 d - a +0 pair of gloves (worn)
 i - a +0 cloak (worn)
Jewellery
 p - a ring of magical power (left hand)
 t - a ring of see invisible (right hand)
Wands
 u - a wand of polymorph (4/24)
Scrolls
 g - a scroll of amnesia {unknown}
 h - a scroll of teleportation {unknown}
 j - a scroll of magic mapping {unknown}
 s - a scroll of enchant armour {unknown}
Potions
 e - a potion of invisibility {unknown}
 l - a potion of agility
 m - a potion of heal wounds
 n - a potion of flight {unknown}
 o - a potion of resistance {unknown}
 q - a potion of berserk rage {unknown}
Books
 b - a book of Conjurations

   Spells                             Type                      Level
   a - Magic Dart                     Conjuration                  1
   b - Searing Ray                    Conjuration                  2
   c - Dazzling Spray                 Conjuration/Hexes            3
   d - Fulminant Prism                Conjuration/Hexes            4
   e - Force Lance                    Conjuration/Translocation    4
   f - Iskenderun's Mystic Blast      Conjuration                  4
Comestibles
 c - a bread ration
 f - 4 fruits
 k - 2 chunks of flesh
 r - 2 meat rations


   Skills:
 + Level 2.6 Dodging
 + Level 2.8 Stealth
 + Level 4.7 Spellcasting
 + Level 6.1 Conjurations


You had 7 spell levels left.
You knew the following spells:

 Your Spells              Type           Power        Failure   Level  Hunger
a - Magic Dart            Conj           ####         1%          1    None
b - Searing Ray           Conj           ####..       1%          2    #......
c - Dazzling Spray        Conj/Hex       ###...       12%         3    ##.....


Dungeon Overview and Level Annotations

Branches:
Dungeon (3/15)

Altars:

Annotations:
D:3 Ijustatesigmund's ghost, amateur DECj


Message History

Ijustatesigmund's ghost turns its malevolent gaze towards you.
Ijustatesigmund's ghost casts a spell at you.
The spray of energy hits you!
Ouch! That really hurt!
You are confused.
You're too confused to move!
You closely miss Ijustatesigmund's ghost.
Ijustatesigmund's ghost closely misses you.
You closely miss Ijustatesigmund's ghost.
Ijustatesigmund's ghost hits you.
* * * LOW HITPOINT WARNING * * *
You feel less confused.
Ijustatesigmund's ghost casts a spell at you.
The magic dart hits you!
* * * LOW HITPOINT WARNING * * *
Found a hunting sling.
Found a fuming cyan potion.
Ijustatesigmund's ghost gestures at you while chanting.
The spray of energy hits you!
You die...

#######.####.........##.......#..
........## #.....................
.........# #.........#..........#
.........# #.........#..........#
......⌠..# #.........#..†......##
..........##.........#)..........
.<.....##.......................#
#.###### #..........#..........#
#.# #....@..#.W........... ..#
###.##..W##........... .## #
#..............(. ##
......###........##
#........##.........
............$#.!...##
...##....##.......... !..
#)...##.....#..## #. #.....
.........


You could see Ijustatesigmund's ghost.

Vanquished Creatures
  A howler monkey (D:3)
  A hound (D:3)
  3 adders
  A worm (D:2)
  2 dart slugs (D:1)
  A leopard gecko (D:2)
  An orc (D:3)
  8 bats
  5 giant cockroaches
  6 goblins (D:2)
  5 hobgoblins (D:2)
  3 kobolds (D:1)
  A quokka (D:3)
  2 ball pythons (D:1)
  3 frilled lizards
  4 rats
47 creatures vanquished.

Notes
Turn   | Place    | Note
-------+----------+-------------------------------------------
     0 | D:1      | graki42 the Deep Elf Conjurer began the quest for the Orb.
     0 | D:1      | Reached XP level 1. HP: 10/10 MP: 6/6
   219 | D:1      | Reached XP level 2. HP: 15/15 MP: 4/8
   434 | D:1      | Reached skill level 5 in Conjurations
   820 | D:2      | Reached XP level 3. HP: 19/19 MP: 6/10
  1043 | D:2      | Learned a level 2 spell: Searing Ray
  1047 | D:2      | Learned a level 3 spell: Dazzling Spray
  1142 | D:3      | Reached XP level 4. HP: 24/24 MP: 11/11
  1260 | D:3      | Reached skill level 6 in Conjurations
  1268 | D:3      | Reached XP level 5. HP: 28/28 MP: 10/14
  1282 | D:3      | Noticed Ijustatesigmund's ghost (amateur DECj)
  1293 | D:3      | HP: 1/28 [Ijustatesigmund's ghost/magic dart (7)]
  1298 | D:3      | Killed from afar by Ijustatesigmund's ghost

Vault maps used:
D:1:      minmay_arrival_three_doors
D:2:      kennysheep_generic_room_8
D:3:      hangedman_feature_mirror, minivault_26

Skill      XL: |  1  2  3  4 |
---------------+-------------+-----
Conjurations   | 5 6 |  6.1
Spellcasting   | 4 |  4.7
Dodging        | |  2.6
Stealth        | |  2.8

Action                   |  1- 3 |  4- 6 || total
-------------------------+-------+-------++-------
Melee: Unarmed           |       |     2 ||     2
 Cast: Magic Dart        |    91 |    13 ||   104
       Searing Ray       |       |     2 ||     2
  Use: Scroll            |       |     3 ||     3
  Eat: Chunk             |       |     1 ||     1
Armor: Robe              |     1 |     1 ||     2
Dodge: Dodged            |     6 |     2 ||     8
